 Dungeon Crawl Stone Soup version 0.31.0-11-ge490571c62 (webtiles) character file.

Game seed: 14907233619367177629

41 FilipinaBountyHunter the Sneak (level 3, -3/27 HPs)
             Began as a Human Brigand on Jan 29, 2024.
             Slain by a river rat (5 damage)
             ... on level 3 of the Dungeon.
             The game lasted 00:04:06 (885 turns).

FilipinaBountyHunter the Sneak (Human Brigand)       Turns: 885, Time: 00:04:07

Health: -3/27      AC:  3    Str: 10    XL:     3   Next: 52%
Magic:  3/3        EV: 12    Int: 14    God:
Gold:   132        SH:  0    Dex: 23    Spells: 2/2 levels left

rFire   . . .        k - +0 short sword (venom)
rCold   . . .        (no shield)
rNeg    . . .        b - +0 robe
rPois   .            (no helmet)
rElec   .            c - +0 cloak
rCorr   +            (no gloves)
SInv    .            (no boots)
Will    .....        (no amulet)
Stlth   ++           j - ring "Empuc" {Will- rCorr Str-3 Int+3 Dex+9}
HPRegen 0.24/turn    (no ring)
MPRegen 0.08/turn

%: no passive effects
@: very slow
A: explore regen
a: no special abilities


You were on level 3 of the Dungeon.
You visited 1 branch of the dungeon, and saw 3 of its levels.

You collected 132 gold pieces.

Inventory:

Hand Weapons
 k - a +0 short sword of venom (weapon)
Missiles
 d - 7 poisoned darts
 e - 2 curare-tipped darts (quivered)
 h - 3 javelins
Armour
 b - a +0 robe (worn)
 c - a +0 cloak (worn)
Jewellery
 j - the ring "Empuc" (left hand) {Will- rCorr Str-3 Int+3 Dex+9}
   (You found it on level 2 of the Dungeon)

   [ring of resist corrosion]

   Str-3:     It affects your strength (-3).
   Int+3:     It affects your intelligence (+3).
   Dex+9:     It affects your dexterity (+9).
   Will-:     It decreases your willpower.
   rCorr:     It protects you from acid and corrosion.
Talismans
 f - a beast talisman
 g - a flux talisman
Potions
 a - a potion of resistance


   Skills:
 * Level 2.1 Fighting
 * Level 2.2 Short Blades
 + Level 2.0 Throwing
 * Level 0.4 Armour
 * Level 1.4 Dodging
 * Level 4.7 Stealth
 * Level 0.5 Shapeshifting


You had 2 spell levels left.
You didn't know any spells.
Your spell library contained the following spells:

 Spells                   Type           Power      Damage    Failure   Level
 Apportation              Tloc           0%         N/A       28%         1
 Jinxbite                 Hex            0%         N/A       41%         2
 Alistair's Intoxication  Alch           0%         N/A       100%        5


Dungeon Overview and Level Annotations

Branches:
Dungeon (3/15)

Altars:


Innate Abilities, Weirdness & Mutations

You regain HP and MP as you explore.


Message History

A river rat comes into view.
The river rat bites you.
* * * LOW HITPOINT WARNING * * *
You barely miss the river rat.
The river rat is heavily wounded.
The river rat bites you!
* * * LOW HITPOINT WARNING * * *
Unknown command.
You aren't carrying any scrolls.
Unknown command.
Throw: 9 darts (poison)
Press: ? - help, Q - select action, (/) - cycle Shift-Dir - straight line, f - river rat
Aim: a river rat (heavily wounded, poisoned, 60% to hit)
You throw a poisoned dart.
The poisoned dart closely misses the river rat.
The poisoned dart barely misses the river rat.
You hear a splash.
The river rat closely misses you.
Throw: 8 darts (poison)
Press: ? - help, Q - select action, (/) - cycle Shift-Dir - straight line, f/p - river rat
Aim: a river rat (severely wounded, poisoned, 60% to hit)
You throw a poisoned dart. The poisoned dart hits the river rat.
The river rat looks even sicker.
The river rat is severely wounded.
You hear a splash.
You kill the river rat!
Throw: 3 darts (curare)
Press: ? - help, Q - select action, (/) - cycle Shift-Dir - straight line, f - river rat
Aim: a river rat (60% to hit)
You throw a curare-tipped dart.
The curare-tipped dart hits the river rat.
The river rat is poisoned.
The river rat struggles to breathe.
The river rat seems to slow down.
The river rat is moderately wounded.
You hit the river rat.
The river rat is almost dead.
You barely miss the river rat.
The river rat is almost dead.
The river rat bites you.
You die...

........#........##.###.#
#.# #......####......##.#
#.# #..
#.............#####.# #.#
### #.....######........#
#.# # #.....# #.########
#.# # #.##### #'#### #.#
# #.# #~######~## #.### #
#.## ~~(~~~~~(~# ##>..##
### #).## ~~~####~r@#
##.....# #.. #...####
##†#####......####.#
.......#
#~#'...............
#...####
#~#####.....#####.# #..##
##~## ##.#.######.# #.##
#~~~# #.......##.# #.#
#~~~# #.#.###.##.# ..#
####~## #.#.# #.# .##
#.##.# #.#.# #..


You could see a river rat (very poisoned, slow).

Vanquished Creatures
  An adder (D:2)
  A river rat (D:3)
  A dart slug (D:2)
  An orc (D:3)
  An endoplasm (D:3)
  A giant cockroach (D:3)
  A hobgoblin (D:1)
  2 jackals (D:1)
  2 ball pythons (D:1)
  A frilled lizard (D:1)
  4 kobolds
  4 rats
20 creatures vanquished.

Notes
Turn   | Place    | Note
-------+----------+-------------------------------------------
     0 | D:1      | FilipinaBountyHunter the Human Brigand began the quest for
                  | the Orb.
     0 | D:1      | Reached XP level 1. HP: 16/16 MP: 1/1
   249 | D:1      | Reached XP level 2. HP: 21/22 MP: 2/2
   469 | D:2      | Identified the ring "Empuc" {Will- rCorr Str-3 Int+3 Dex+9}
   492 | D:2      | Reached XP level 3. HP: 23/27 MP: 3/3
   879 | D:3      | HP: 1/27 [river rat (7)]
   885 | D:3      | Slain by a river rat

Illustrated notes

Levels and vault maps discovered:
D:1:      scummos_arrival_forest, layout_loops_corners,
          dreamdust_ecumenical_altar_drowned_temple
D:2:      layout_loops_corners, minmay_bisected, uniq_terence
D:3:      layout_loops_corners, mainiacjoe_overflow_six_doors_small,
          gup_sewer_entry_bubbles

Action                     || total
---------------------------++-------
  Melee: Dagger            ||    36
         Punch             ||     1
         Short sword       ||    29
  Throw: Dart              ||    15
    Use: Scroll            ||     3
   Stab: Sleeping          ||     3
 Armour: Robe              ||    32
  Dodge: Dodged            ||    32
